 Dungeon Crawl Stone Soup version 0.28.0-43-g3370ac3207 (webtiles) character file.

Game seed: 11496458013055607723

577454 RepoMan the Conqueror (level 26, -2/312 HPs)
             Began as a Tengu Berserker on Feb 28, 2022.
             Was a High Priest of Trog.
             Slain by an emperor scorpion (3 damage)
             ... summoned by a royal mummy
             ... on level 3 of the Crypt on Mar 2, 2022.
             The game lasted 11:33:16 (73612 turns).

RepoMan the Conqueror (Tengu Berserker)            Turns: 73612, Time: 11:33:18

Health: -2/312     AC: 33    Str: 29    XL:     26   Next: 55%
Magic:  21/21      EV:  2    Int:  7    God:    Trog [*****.]
Gold:   5205       SH: 18    Dex: 25    Spells: 25/25 levels left

rFire   . . .      SeeInvis .   w - +9 rapier "Omompoteint" {vorpal, rN+ Str+6}
rCold   . . .      Faith    .   K - +1 kite shield {reflect}
rNeg    + + .      Spirit   .   (armour currently unavailable)
rPois   +          Reflect  +   (helmet currently unavailable)
rElec   +          Harm     .   (cloak currently unavailable)
rCorr   .          Rampage  .   (gloves currently unavailable)
Will    ++++.      NoTele   +   (boots unavailable)
Stlth   ++++......              x - amulet of Vitality {Regen+ HP+15}
HPRegen 2.42/turn               T - ring "Inodayf" {rElec Will+ Int-2 Dex+6 Stlth+}
MPRegen 0.17/turn               Y - ring "Idacwergh" {rN+ EV+4}

@: lethally poisoned (-2 -> -35), tree-form (expiring), strong-willed
(expiring), on berserk cooldown, regenerating (expiring), slowed, studying Short
Blades, very slow
A: stationary, stasis, torment immunity, boosted hp, (beak), (talons 3), nimble
flight, low MP 1, subdued magic 1
}: 4/15 runes: decaying, serpentine, slimy, silver
a: Renounce Religion, Berserk, Trog's Hand, Brothers in Arms


You were on level 3 of the Crypt.
You worshipped Trog.
Trog was extremely pleased with you.
You were a tree.
You visited 10 branches of the dungeon, and saw 51 of its levels.
You visited the Abyss 1 time.
You also visited: Bailey, Ice Cave and Wizlab.

You collected 7380 gold pieces.
You spent 2175 gold pieces at shops.

Inventory:

Hand Weapons
 e - a +5 quick blade of electrocution
 f - the +9 dagger of Vosanig {flame, rCorr Int+7 Dex+4}
   (You found it on level 9 of the Dungeon)

   It burns those it strikes, dealing additional fire damage.
   Int:       It affects your intelligence (+7).
   Dex:       It affects your dexterity (+4).
   rCorr:     It protects you from acid and corrosion.
 q - a +6 quick blade
 v - a +5 vampiric rapier
 w - the +9 rapier "Omompoteint" (weapon) {vorpal, rN+ Str+6}
   (You found it on level 3 of the Crypt)

   It inflicts extra damage upon your enemies.
   Str:       It affects your strength (+6).
   rN:        It protects you from negative energy.
Missiles
 N - a throwing net (quivered)
 V - 7 curare-tipped darts
Armour
 a - a scarf of invisibility
 o - the +3 pair of gauntlets of War (melded) {Slay+5}
   (You acquired it on level 7 of the Dungeon)

   Slay:      It affects your accuracy & damage with ranged weapons and melee
   (+5).
 C - a +2 tower shield of protection
 H - the -2 hat of the Alchemist (melded) {rElec rPois rF+ rC+ rN+ Will+ rMut rCorr}
   (You found it on level 4 of the Vaults)

   rF:        It protects you from fire.
   rC:        It protects you from cold.
   rElec:     It insulates you from electricity.
   rPois:     It protects you from poison.
   rN:        It protects you from negative energy.
   rCorr:     It protects you from acid and corrosion.
   rMut:      It protects you from mutation.
   Will:      It increases your willpower.
 K - a +1 kite shield of reflection (worn)
 M - a scarf of resistance (melded)
 U - a +6 plate armour of cold resistance (melded)
Jewellery
 n - a ring of protection from cold
 x - the amulet of Vitality (around neck) {Regen+ HP+15}
   (You acquired it on level 1 of the Vaults)

   [amulet of regeneration]

   HP:        It affects your health (+15).
   Regen:     It increases your rate of health regeneration.
 y - a ring of protection from fire
 Q - a ring of see invisible
 T - the ring "Inodayf" (left branch) {rElec Will+ Int-2 Dex+6 Stlth+}
   (You took it off a spriggan defender on level 2 of the Depths)

   [ring of dexterity]

   Int:       It affects your intelligence (-2).
   Dex:       It affects your dexterity (+6).
   rElec:     It insulates you from electricity.
   Will:      It increases your willpower.
   Stlth:     It makes you more stealthy.
 Y - the ring "Idacwergh" (right branch) {rN+ EV+4}
   (You found it on level 4 of the Vaults)

   [ring of evasion]

   EV:        It affects your evasion (+4).
   rN:        It protects you from negative energy.
Wands
 b - a wand of acid (6)
 k - a wand of polymorph (7)
 I - a wand of flame (62)
 L - a wand of iceblast (16)
 O - a wand of digging (10)
Scrolls
 c - 26 scrolls of teleportation
 d - 7 scrolls of magic mapping
 g - 4 scrolls of fog
 i - 2 scrolls of silence
 p - 5 scrolls of fear
 r - 6 scrolls of blinking
 s - 4 scrolls of holy word
 B - 3 scrolls of vulnerability
 F - 10 scrolls of enchant armour
 G - 7 scrolls of immolation
Potions
 h - a potion of invisibility
 m - 17 potions of curing
 A - 2 potions of ambrosia
 D - 4 potions of lignification
 E - 8 potions of mutation
 J - a potion of heal wounds
 W - 5 potions of berserk rage
 Z - a potion of resistance
Miscellaneous
 l - a phantom mirror
 t - a box of beasts
 u - a condenser vane
 z - a lightning rod (4/4)
 P - a phial of floods


   Skills:
 O Level 27 Fighting
 + Level 24.9 Short Blades
 - Level 3.0 Throwing
 + Level 13.5 Armour
 + Level 19.5 Dodging
 - Level 5.0 Stealth
 + Level 19.6 Shields
 + Level 16.7 Evocations


You had 25 spell levels left.
You didn't know any spells.
Your spell library was empty.

Dungeon Overview and Level Annotations

Branches:
Dungeon (15/15)            Temple (0/1) D:4            Lair (6/6) D:11
  Swamp (4/4) Lair:3        Snake (4/4) Lair:3        Slime (5/5) Lair:5
    Orc (2/2) D:10            Elf (3/3) Orc:2        Vaults (5/5) D:13
  Crypt (3/3) Vaults:3       Tomb (0/3) Crypt:3      Depths (4/4) D:15
    Zot (0/5) Depths:4     Bailey (visited)           IceCv (visited)
 WizLab (visited)

Altars:
Gozag
Kikubaaqudgha
Okawaru
Qazlal
Ru
Uskayaw
The Shining One
Beogh
Lugonu

Shops:
D:6 *   D:13 !   D:15 (   Orc:1 ?   Orc:2 *[!=   Snake:2 (   Snake:4 (:(
Depths:1 *:==

Portals:
Hell: Depths:1 Depths:2 Depths:3 Depths:4
Abyss: Lair:6 Depths:1 Depths:3
Pandemonium: Depths:2 Depths:3
Ziggurat: Depths:2

Annotations:
Vaults:3 3 runed translucent doors, Lukheov's ghost, veteran DrWn; vegansnacktivist's ghost, adept DDFi


Innate Abilities, Weirdness & Mutations

You are a tree.
Your roots penetrate the ground, keeping you stationary.
You cannot be teleported.
You are immune to unholy pain and torment.
Your maximum health is greatly increased.
Your equipment is partially melded.
((You have a beak for a mouth.))
((You have claws for feet.))
Your magical nature lets you fly swiftly and evasively.
Your magical capacity is low. (-10% MP)
Your spells are a little easier to cast, but a little less powerful.


Message History

You block the death scarab's attack. The emperor scorpion barely misses you.
The emperor scorpion claws you but does no damage. x2
Unknown command.
Unknown command.
You impale the death scarab!!
You destroy the death scarab!
The death scarab's corpse disappears in a puff of smoke!
You feel extremely sick.
The death scarab disappears in a puff of smoke!
You block the death scarab's attack. The death scarab bites you!
* * * LOW HITPOINT WARNING * * *
The death scarab drains your vigour!
You feel as though you will be slow longer.
The death scarab draws strength from your injuries!
You are too berserk!
Unknown command.
You feel extremely sick. You block the death scarab's attack.
You block the emperor scorpion's attack.
The emperor scorpion claws you but does no damage. x2
The ushabti shakes and rattles.
The vile air hits the emperor scorpion but does no damage.
The vile air hits you but does no damage.
The death scarab bites you but does no damage.
The ushabti shakes and rattles deafeningly!
Unknown command.
You feel a strong urge to attack something.
You are engulfed in dark miasma.
You are lethally poisoned!
You feel as though you will be slow longer.
* * * LOW HITPOINT WARNING * * *
You are no longer berserk.
You are exhausted.
You feel as though you will be slow longer.
* * * LOW HITPOINT WARNING * * *
You feel extremely sick. You block the death scarab's attack.
The emperor scorpion is engulfed in dark miasma.
The emperor scorpion stings you.
You die...

.♣♣.8.......................♣♣...
.♣♣.............8........8..♣....
.......8....8.......8............
P♣♣♣....................8........
..♣.....8.......8...........♣....
.♣♣..8...............☼..^.8.♣♣.♣.
..♣......8.........☼☼8......♣♣▒▒▒
..♣♣.........8.§..§........♣♣
♣..♣♣..8.......s♣..8......♣♣
..♣.♣♣.....▒▒'9B▒▒......♣♣♣
.♣...♣♣♣♣♣♣▒..9..▒...♣♣♣♣
...♣.... ▒▒▒.▒▒▒♣♣♣♣ .....♣.♣ ▒'▒
..♣..♣.. ... ........ $..."
.♣........ $$$.$$$
.▒▒...▒▒..▒$$$$$$$▒


You could see an emperor scorpion (summoned), 2 ushabtiu and a death scarab
(summoned).

Vanquished Creatures
  3 dread liches
  2 ancient liches
  Mara (Swamp:3)
  Boris (Vaults:5)
  Frederick (Depths:3)
  3 caustic shrikes (Depths:4)
  Margery (Depths:3)
  Saint Roka (Vaults:2)
  A profane servitor (Abyss:5)
  Nikola (Swamp:2)
  4 bone dragons
  the Enchantress (Depths:4)
  4 golden dragons
  A Hellbinder (WizLab)
  A hellephant (Abyss:4)
  6 tentacled monstrosities
  Jorgrun (Orc:1)
  3 walking earthen tomes
  A walking crystal tome (Depths:2)
  5 titans
  2 deep elf blademasters (Elf:3)
  8 liches
  A walking divine tome (Depths:4)
  A deep elf master archer (Elf:3)
  A quicksilver dragon (Depths:4)
  An Executioner (Abyss:4)
  9 sphinxes
  11 acid blobs
  8 tentacled starspawn
  An ancient champion (Crypt:1)
  9 tengu reavers
  Roxanne (Elf:2)
  7 storm dragons
  4 shadow dragons
  2 azure jellies
  Donald (Swamp:2)
  4 nagarajas
  A daeva (Abyss:3)
  A fenstrider witch (Swamp:4)
  13 fire giants
  A revenant (Crypt:1)
  7 rockslimes
  Aizul (Snake:2)
  3 iron dragons
  18 vault wardens
  10 frost giants
  A cacodemon (WizLab)
  3 deep elf sorcerers
  Louise (Swamp:3)
  A draconian scorcher (Depths:4)
  4 orc warlords
  6 ghouls (Crypt:2)
  2 balrugs (Abyss:4)
  2 curse skulls (Crypt:3)
  4 deep elf elementalists (Elf:3)
  A quicksilver ooze (shapeshifter) (Vaults:5)
  3 spectral caustic shrikes (Depths:1)
  2 war gargoyles (Vaults:5)
  11 spriggan defenders
  A caustic shrike zombie (Crypt:3)
  2 juggernaut skeletons
  9 quicksilver oozes
  A reaper (Crypt:2)
  21 stone giants
  15 ironbound preservers
  3 green draconians (Depths:4)
  2 ironbound thunderhulks
  A broodmother (shapeshifter) (Depths:1)
  5 vampire knights
  32 very ugly things
  9 deep elf demonologists
  5 eleionomae
  Nessos (D:13)
  A demonspawn black sun (WizLab)
  3 starcursed masses (Abyss:4)
  8 dire elephants
  4 bunyips
  2 lorocyprocas
  2 red draconians (Depths:4)
  An entropy weaver (Vaults:5)
  10 deep elf annihilators
  6 spark wasps
  9 eidola
  2 yellow draconians (Depths:4)
  Snorg (Orc:1)
  10 deep elf death magi
  2 blizzard demons (WizLab)
  3 white draconians
  17 ettins
  8 jiangshi (Crypt:2)
  2 green deaths
  7 deep elf high priests
  15 yaktaur captains
  15 fire dragons
  The ghost of Destapler the Fighter, a journeyman MiFi of Makhleb (Orc:1)
  2 quicksilver dragon zombies (Crypt:3)
  A spriggan zombie (Crypt:3)
  A shambling mangrove (Swamp:1)
  Fannar (D:11)
  16 hydras
  3 boulder beetles
  12 ice dragons
  15 great orbs of eyes
  2 hell beasts (WizLab)
  33 vault guards
  A spriggan skeleton (Crypt:2)
  10 naga warriors
  10 rakshasas
  5 salamander tyrants (Snake:4)
  A peacekeeper (Vaults:4)
  8 spriggan air magi
  9 alligators
  10 anacondas
  2 ghost crabs
  A juggernaut simulacrum (Depths:1)
  4 centaur warriors
  An anaconda (shapeshifter) (Vaults:1)
  5 ironbound frosthearts
  2 ogre magi (Vaults:5)
  Erica (D:8)
  3 death yaks
  6 deep troll shamans
  13 two-headed ogres
  3 hell hogs (Abyss:4)
  A satyr (shapeshifter) (Elf:3)
  15 deep troll earth magi
  6 orc high priests
  9 tengu warriors
  A death knight (D:14)
  23 dancing weapons
  6 vampire magi
  9 naga sharpshooters
  2 shock serpents
  Urug (D:13)
  15 hell knights
  4 spriggan berserkers
  16 thrashing horrors
  A sun demon (Abyss:3)
  3 salamander mystics (Snake:4)
  24 deep elf knights
  3 soul eaters
  7 wretched stars
  A fire crab (Swamp:4)
  A bunyip zombie (Crypt:3)
  2 iron trolls
  A goliath frog (Swamp:3)
  3 sixfirhies
  35 deep trolls
  3 shadow wraiths
  4 spatial maelstroms
  A sea snake (shapeshifter) (Depths:2)
  A spark wasp zombie (Depths:3)
  4 flayed ghosts
  16 skeletal warriors
  11 bog bodies
  10 deep elf archers
  A deep troll (shapeshifter) (Vaults:5)
  8 glowing orange brains
  2 swamp dragons (shapeshifter)
  8 swamp dragons
  10 wizards
  4 naga ritualists
  19 phantasmal warriors
  8 harpies
  An orb spider (shapeshifter) (Vaults:5)
  12 ironbound convokers
  8 mana vipers
  5 orc knights
  9 necromancers
  An iron dragon zombie (Crypt:3)
  27 deep elf pyromancers
  23 deep elf zephyrmancers
  A harpy (shapeshifter) (D:13)
  5 lindwurms
  A wolf spider (shapeshifter) (Vaults:5)
  2 wolf spiders (Crypt:3)
  7 orc sorcerers
  A stone giant zombie (Crypt:2)
  4 shining eyes
  A shadow dragon skeleton (Depths:3)
  7 manticores
  2 worldbinders
  18 salamanders
  47 ugly things
  A tengu skeleton (Depths:3)
  Maurice (D:8)
  25 black mambas
  An iron dragon skeleton (Crypt:2)
  2 cyclopes
  3 elephants (Lair:6)
  8 will-o-the-wisps
  2 dire elephant zombies (Crypt:3)
  A stone giant skeleton (Crypt:1)
  2 frost giant skeletons
  8 guardian serpents
  4 rust devils
  16 vault sentinels
  An eye of devastation (Slime:1)
  A water nymph (shapeshifter) (Vaults:5)
  A cane toad (shapeshifter) (Vaults:5)
  An ice statue (IceCv)
  2 alligator snapping turtle zombies (Crypt:3)
  An apocalypse crab (Abyss:4)
  A gargoyle (D:12)
  10 smoke demons
  5 cane toads
  15 naga magi
  6 orange demons
  2 unseen horrors
  2 efreet (Abyss:4)
  A hellion (Depths:3)
  A catoblepas zombie (Crypt:2)
  A yaktaur (shapeshifter) (D:13)
  25 yaktaurs
  6 demonic crawlers
  2 freezing wraiths
  7 ice devils
  6 komodo dragons
  8 tormentors
  3 rime drakes
  A queen bee (D:10)
  3 entropy weaver simulacra (IceCv)
  13 ancient zymes
  6 tengu conjurers
  12 hellwings
  A guardian mummy (Crypt:3)
  5 trolls
  2 polar bears (Lair:2)
  8 red devils
  A black draconian skeleton (Crypt:1)
  A tengu simulacrum (Vaults:4)
  4 harpy zombies
  9 tyrant leeches
  A bloated husk (Swamp:3)
  12 hornets
  A sphinx simulacrum (Depths:1)
  10 raiju
  6 dream sheep (Lair:4)
  A tyrant leech (shapeshifter) (Vaults:1)
  102 slime creatures
  26 blink frogs
  A harpy skeleton (Crypt:2)
  A dream sheep (shapeshifter) (D:15)
  34 large abominations
  2 air elementals
  A meliai zombie (Crypt:1)
  An ettin skeleton (Crypt:2)
  6 jumping spiders (Crypt:3)
  A flying skull (Abyss:4)
  A culicivora (shapeshifter) (Vaults:5)
  12 ynoxinuls
  3 shadows
  A centaur simulacrum (Crypt:2)
  2 spriggans (shapeshifter)
  5 water elementals
  2 hogs (shapeshifter)
  11 spriggans
  A vampire (D:14)
  16 humans (D:13)
  61 yaks
  3 dire elephant simulacra
  13 wraiths
  6 basilisks
  3 fire bats
  7 wyverns
  Grum (D:8)
  7 neqoxecs
  A wind drake zombie (Crypt:1)
  5 redbacks
  7 golden eyes
  3 naga zombies (Crypt:3)
  2 fire elementals
  14 chaos spawn
  5 steam dragons
  10 vampire mosquitoes
  2 harpy simulacra
  23 nagas
  2 spatial vortices (Abyss:4)
  A death yak simulacrum (IceCv)
  10 swamp worms
  10 wargs
  An acid dragon (Lair:5)
  7 hell hounds
  A floating eye (shapeshifter) (Lair:6)
  4 sky beasts
  A floating eye (Depths:2)
  9 swamp drakes
  16 water moccasins
  A hornet zombie (D:6)
  2 ice beasts
  45 orc warriors
  An ettin simulacrum (Depths:1)
  3 black bears
  A merfolk skeleton (Crypt:2)
  A swamp dragon zombie (Crypt:3)
  A snapping turtle zombie (Crypt:1)
  4 boggarts (Vaults:1)
  A necrophage (Crypt:2)
  11 centaurs
  14 wolves
  15 ogres
  2 kobold brigands
  A gnoll sergeant (D:7)
  8 bullfrogs
  3 two-headed ogre simulacra (IceCv)
  4 cane toad simulacra (IceCv)
  2 scorpions
  7 earth elementals
  8 wyvern skeletons (Crypt:3)
  2 elephant simulacra (IceCv)
  30 killer bees
  A polar bear skeleton (Crypt:1)
  4 wights (D:7)
  A howler monkey (D:4)
  A raiju skeleton (Crypt:2)
  A lava snake (Swamp:4)
  6 centaur zombies
  4 jellies
  4 quasits
  26 small abominations
  2 centaur skeletons
  2 gnoll shamans
  30 orc priests
  A bullfrog skeleton (D:5)
  An iron imp (Abyss:4)
  3 hell rats
  3 iguanas
  18 orc wizards
  2 polar bear simulacra (IceCv)
  7 troll simulacra (IceCv)
  5 spriggan simulacra
  A killer bee zombie (D:9)
  A wolf simulacrum (IceCv)
  8 ogre zombies (D:10)
  3 howler monkey zombies
  21 gnolls
  10 adders
  8 naga simulacra (IceCv)
  11 white imps
  8 ufetubi
  An adder skeleton (D:4)
  A barachi skeleton (Crypt:2)
  2 worms
  132 orcs
  8 endoplasms
  2 giant cockroaches
  8 goblins
  5 hobgoblins
  3 quokkas
  2 river rat zombies
  10 ball pythons
  9 bats
  3 frilled lizards
  A giant cockroach zombie (Crypt:1)
  A goblin skeleton (D:10)
  2 goblin zombies (D:10)
  A hobgoblin skeleton (D:10)
  5 hobgoblin zombies (D:10)
  15 kobolds
  5 orc skeletons (D:10)
  11 orc zombies (D:10)
  4 rats
  A lurking horror (Abyss:5)
  5 pillars of salt (Vaults:1)
  5 starspawn tentacles
2452 creatures vanquished.

Vanquished Creatures (collateral kills)
  the Royal Jelly (Slime:5)
  2 juggernauts (Depths:2)
  A deep elf master archer (Elf:3)
  An acid blob (Slime:5)
  2 rockslimes (Slime:5)
  2 azure jellies (Slime:5)
  A fire giant (Depths:4)
  An iron dragon (Vaults:4)
  2 quicksilver oozes (Slime:5)
  A deep elf death mage (Elf:3)
  An ettin (Vaults:5)
  A great orb of eyes (Slime:1)
  3 vault guards (Vaults:5)
  A hydra (Lair:1)
  A manticore (Depths:1)
  A basilisk (Lair:1)
  3 orc warriors (Vaults:2)
  A bullfrog zombie (D:7)
  A jelly (D:7)
  A bullfrog skeleton (D:7)
  3 orcs
  2 goblins (D:7)
  A hobgoblin (D:7)
34 creatures vanquished.

Vanquished Creatures (others)
  A lich (Depths:2)
  A fire giant (Depths:3)
  A very ugly thing (Depths:4)
  A starcursed mass (Abyss:5)
  An ettin (Depths:3)
  A deep elf death mage (Elf:2)
  A hydra (Swamp:4)
  A shadow wraith (Abyss:4)
  A swamp dragon (Swamp:4)
  A deep elf pyromancer (Elf:1)
  A deep elf zephyrmancer (Elf:1)
  An ugly thing (Depths:2)
  An ice statue (Abyss:4)
  3 bloated husks
  A hornet (Swamp:3)
  A large abomination (Abyss:4)
  2 spriggans
  A vampire mosquito (Swamp:4)
  A swamp worm (Swamp:4)
  2 swamp drakes (Swamp:4)
  A jelly (Abyss:4)
  20 foxfires
  11 fungi
  5 pillars of salt (Vaults:1)
  33 plants
  31 starspawn tentacles
  8 withered plants
133 creatures vanquished.

Grand Total: 2619 creatures vanquished

Notes
Turn   | Place    | Note
-------+----------+-------------------------------------------
     0 | D:1      | RepoMan the Tengu Berserker began the quest for the Orb.
     0 | D:1      | Reached XP level 1. HP: 14/14 MP: 2/2
   420 | D:1      | Reached XP level 2. HP: 15/19 MP: 3/3
   716 | D:1      | Found a faded altar of an unknown god.
  1333 | D:2      | Reached ** piety under Trog
  1343 | D:2      | Reached XP level 3. HP: 18/23 MP: 4/4
  1694 | D:2      | Reached XP level 4. HP: 28/28 MP: 5/5
  2184 | D:2      | Reached skill level 5 in Short Blades
  2701 | D:3      | Found an iron altar of Okawaru.
  2953 | D:3      | Reached skill level 4 in Fighting
  2953 | D:3      | Gained mutation: Your magical nature lets you fly swiftly
                  | and evasively. [Tengu growth]
  2953 | D:3      | Reached XP level 5. HP: 33/33 MP: 6/6
  3634 | D:4      | Reached XP level 6. HP: 38/39 MP: 7/7
  4224 | D:4      | Found a staircase to the Ecumenical Temple.
  4584 | D:5      | Entered Level 5 of the Dungeon
  4713 | D:4      | Reached *** piety under Trog
  4769 | D:5      | Reached skill level 5 in Fighting
  4769 | D:5      | Reached XP level 7. HP: 43/44 MP: 6/8
  5322 | D:5      | Reached XP level 8. HP: 51/51 MP: 9/9
  5751 | D:6      | Reached skill level 6 in Fighting
  5880 | D:6      | Found Ticeng's Neck Hole.
  5887 | D:6      | Bought a scarf of invisibility for 132 gold pieces
  6153 | D:6      | Reached skill level 1 in Evocations
  6811 | D:6      | Reached skill level 10 in Short Blades
  6811 | D:6      | Reached XP level 9. HP: 42/56 MP: 10/10
  7232 | D:6      | Reached skill level 7 in Fighting
  7323 | D:7      | Found a flagged portal.
  7348 | D:7      | Reached **** piety under Trog
  7559 | Bailey   | Entered a bailey
  8066 | D:7      | Reached skill level 5 in Evocations
  8670 | D:8      | Noticed Erica
  8687 | D:8      | Killed Erica
  8688 | D:8      | Reached XP level 10. HP: 62/64 MP: 6/11
  8793 | D:8      | Noticed Grum
  8832 | D:8      | Killed Grum
  9345 | D:8      | Noticed Maurice
  9358 | D:8      | Killed Maurice
  9359 | D:8      | Reached skill level 8 in Fighting
 10241 | D:9      | Identified the +9 dagger of Vosanig {flame, rCorr Int+7
                  | Dex+4}
 10390 | D:10     | Entered Level 10 of the Dungeon
 10405 | D:10     | Identified the +1 hunting sling "Nysal" {speed, rF- Str+8}
 10444 | D:10     | Reached skill level 9 in Fighting
 10897 | D:10     | Reached XP level 11. HP: 52/70 MP: 7/12
 10898 | D:10     | Found a staircase to the Orcish Mines.
 11340 | D:10     | Reached skill level 10 in Fighting
 11359 | D:10     | Reached ***** piety under Trog
 12108 | D:7      | Identified a scroll of acquirement
 12109 | D:7      | Acquired the +3 pair of gauntlets of War {Slay+5}
 12109 | D:7      | Found the +3 pair of gauntlets of War {Slay+5}
 12215 | D:11     | Noticed a death yak
 12232 | D:11     | Noticed a death yak
 12400 | D:11     | Noticed Fannar
 12408 | D:11     | Killed Fannar
 12409 | D:11     | Reached skill level 1 in Shields
 12550 | D:11     | Noticed a two-headed ogre
 12558 | D:11     | Killed a two-headed ogre
 12746 | D:11     | Noticed a death yak
 12764 | D:11     | Killed a death yak
 12764 | D:11     | Killed a death yak
 12821 | D:11     | Found a staircase to the Lair.
 12838 | D:11     | Reached skill level 11 in Fighting
 13082 | Lair:1   | Entered Level 1 of the Lair of Beasts
 13194 | Lair:1   | Reached XP level 12. HP: 63/80 MP: 11/13
 13468 | Lair:1   | Noticed a five-headed hydra
 13475 | Lair:1   | Killed a five-headed hydra
 13709 | Lair:1   | Reached skill level 12 in Fighting
 13843 | Lair:1   | Noticed a seven-headed hydra
 13853 | Lair:1   | Killed a seven-headed hydra
 14356 | Lair:2   | Identified the +2 hand axe of the Gloaming {vorpal, rPois
                  | Str+5}
 14391 | Lair:2   | Found a hide-covered altar of Uskayaw.
 14770 | Lair:2   | Noticed a seven-headed hydra
 14824 | Lair:2   | Killed a seven-headed hydra
 14825 | Lair:2   | Reached skill level 10 in Evocations
 14997 | Lair:2   | You are sucked into a shaft and drop 2 floors!
 15051 | Lair:3   | Reached skill level 1 in Stealth
 15054 | Lair:3   | Reached skill level 13 in Fighting
 15548 | Lair:3   | Reached XP level 13. HP: 88/88 MP: 14/14
 15685 | Lair:3   | Found a staircase to the Swamp.
 15871 | Lair:3   | Found a staircase to the Snake Pit.
 15995 | Lair:3   | Received a gift from Trog
 17149 | Lair:4   | Reached skill level 14 in Fighting
 17783 | Lair:5   | Found a staircase to the Slime Pits.
 17880 | Lair:5   | Reached skill level 15 in Short Blades
 18704 | Lair:6   | Entered Level 6 of the Lair of Beasts
 18864 | Lair:6   | Reached skill level 15 in Fighting
 19353 | Lair:6   | Reached XP level 14. HP: 98/98 MP: 15/15
 19514 | Lair:6   | Identified the +5 scale mail "Toob" {Dex+4}
 20347 | Lair:6   | Reached skill level 16 in Fighting
 20421 | Lair:6   | Found a corrupted altar of Lugonu.
 20421 | Lair:6   | Found a one-way gate to the infinite horrors of the Abyss.
 20481 | Lair:6   | Reached skill level 5 in Dodging
 20816 | Orc:1    | Entered Level 1 of the Orcish Mines
 20981 | Orc:1    | Reached skill level 5 in Shields
 21014 | Orc:1    | Found a frozen archway.
 21089 | IceCv    | Entered an ice cave
 21639 | IceCv    | Received a gift from Trog
 22029 | Orc:1    | Noticed Snorg
 22048 | Orc:1    | Killed Snorg
 22183 | Orc:1    | Found Goruryleb's Magic Scroll Shoppe.
 22239 | Orc:1    | Noticed an orc warlord
 22257 | Orc:1    | Killed an orc warlord
 22328 | Orc:1    | Bought a scroll of noise for 17 gold pieces
 22328 | Orc:1    | Bought a scroll of identify for 34 gold pieces
 22507 | Orc:1    | Found a runed translucent gate.
 22507 | Orc:1    | Found a runed translucent gate.
 22507 | Orc:1    | Found a runed translucent gate.
 22513 | Orc:1    | Noticed Destapler's ghost (journeyman MiFi)
 22517 | Orc:1    | Noticed an orc warlord
 22542 | Orc:1    | Killed an orc warlord
 22548 | Orc:1    | Noticed Jorgrun
 22594 | Orc:1    | Killed Jorgrun
 22852 | Orc:1    | Killed Destapler's ghost
 22903 | Orc:2    | Entered Level 2 of the Orcish Mines
 22913 | Orc:2    | Received a gift from Trog
 22930 | Orc:2    | Reached skill level 5 in Armour
 23478 | Orc:2    | Reached XP level 15. HP: 105/105 MP: 16/16
 23778 | Orc:2    | Found a staircase to the Elven Halls.
 24072 | Orc:2    | Found Umouluum's Armour Shoppe.
 24140 | Orc:2    | Found Icoerph's General Store.
 24156 | Orc:2    | Identified the +2 short sword "Miweed" {flame, rN+ Dex+4}
                  | (Trog gifted it to you on level 2 of the Orcish Mines)
 24156 | Orc:2    | Received a gift from Trog
 24162 | Orc:2    | Bought a scroll of identify for 32 gold pieces
 24312 | Orc:2    | Reached skill level 17 in Fighting
 24490 | Orc:2    | Noticed an orc warlord
 24516 | Orc:2    | Killed an orc warlord
 24617 | Orc:2    | Found Tinar's Distillery.
 24640 | Orc:2    | Bought 2 potions of curing for 78 gold pieces
 24640 | Orc:2    | Bought a potion of resistance for 130 gold pieces
 24640 | Orc:2    | Bought a potion of cancellation for 104 gold pieces
 24640 | Orc:2    | Bought a potion of curing for 39 gold pieces
 24640 | Orc:2    | Bought a potion of lignification for 39 gold pieces
 24747 | Orc:2    | Found Tefiaraing's Jewellery Boutique.
 25028 | D:12     | You are sucked into a shaft and drop 2 floors!
 25226 | D:13     | Noticed Urug
 25226 | D:13     | Noticed Nessos
 25226 | D:13     | Found a gate to the Vaults.
 25236 | D:13     | Killed Nessos
 25238 | D:13     | Killed Urug
 26925 | D:13     | Found Cywkum's Distillery.
 26973 | D:13     | Bought a potion of heal wounds for 65 gold pieces
 26973 | D:13     | Bought a potion of might for 52 gold pieces
 26973 | D:13     | Bought a potion of curing for 39 gold pieces
 26973 | D:13     | Bought 2 potions of might for 104 gold pieces
 26973 | D:13     | Bought a potion of curing for 39 gold pieces
 26973 | D:13     | Bought a potion of curing for 39 gold pieces
 26973 | D:13     | Bought a potion of attraction for 39 gold pieces
 27819 | D:15     | Entered Level 15 of the Dungeon
 27924 | D:15     | Found Migif's Antique Weapon Shop.
 28002 | D:15     | Reached skill level 18 in Fighting
 28009 | D:15     | Reached XP level 16. HP: 95/114 MP: 13/17
 28103 | D:15     | Found a staircase to the Depths.
 28536 | D:15     | Found a glowing golden altar of the Shining One.
 29360 | D:6      | Bought an amulet of reflection for 330 gold pieces
 29574 | Swamp:1  | Entered Level 1 of the Swamp
 30798 | Swamp:2  | Noticed Nikola
 30809 | Swamp:2  | Noticed Donald
 30811 | Swamp:2  | Killed Nikola
 30819 | Swamp:2  | Killed Donald
 31418 | Swamp:3  | Noticed Mara
 31431 | Swamp:3  | Noticed RepoMan's illusion
 31434 | Swamp:3  | Killed Mara
 32406 | Swamp:3  | Noticed Louise
 32437 | Swamp:3  | Killed Louise
 32727 | Swamp:4  | Entered Level 4 of the Swamp
 33025 | Swamp:4  | Noticed a fenstrider witch
 33030 | Swamp:4  | Reached skill level 19 in Fighting
 33039 | Swamp:4  | Killed a fenstrider witch
 33040 | Swamp:4  | Reached skill level 10 in Shields
 33040 | Swamp:4  | Reached XP level 17. HP: 122/122 MP: 18/18
 34052 | Swamp:4  | Got a decaying rune of Zot
 34803 | Snake:1  | Entered Level 1 of the Snake Pit
 35161 | Snake:1  | Received a gift from Trog
 35872 | Snake:2  | Found Teac Afo's Weapon Boutique.
 36530 | Snake:2  | Noticed Aizul
 36567 | Snake:2  | Killed Aizul
 37337 | Snake:3  | Reached skill level 20 in Fighting
 37533 | Snake:3  | Identified the +1 robe of Dyspraxia {+Blink rElec Will-
                  | Dex-5}
 38302 | Snake:4  | Entered Level 4 of the Snake Pit
 38555 | Snake:4  | Found Qygorew's Weapon Boutique.
 38562 | Snake:4  | Found Wauxah's Book Shop.
 38720 | Snake:4  | Reached XP level 18. HP: 106/130 MP: 8/19
 38974 | Snake:4  | Found Equpif's Antique Weapon Boutique.
 39547 | Snake:4  | Received a gift from Trog
 40789 | Snake:4  | Reached skill level 21 in Fighting
 40793 | Snake:4  | Got a serpentine rune of Zot
 41287 | Elf:1    | Entered Level 1 of the Elven Halls
 42170 | Elf:1    | Received a gift from Trog
 42363 | Elf:1    | Identified the +4 triple sword "Bausikexakh" {holy, *Noise
                  | rPois rF+++ Int-5}
 42727 | Elf:2    | Identified Roxanne's Almanac of Shape Shifting
 42727 | Elf:2    | Noticed Roxanne
 42784 | Elf:2    | Killed Roxanne
 42915 | Elf:2    | Found a runed translucent gate.
 42915 | Elf:2    | Found a runed translucent gate.
 42915 | Elf:2    | Found a runed translucent gate.
 43031 | Elf:2    | Reached XP level 19. HP: 111/139 MP: 20/20
 43871 | Vaults:1 | Entered Level 1 of the Vaults
 44142 | Vaults:1 | Reached skill level 1 in Throwing
 44342 | Vaults:1 | Identified the +1 dagger of Extremism {spect, Str-5 Int+4}
 44559 | Vaults:1 | Reached skill level 22 in Fighting
 44848 | Vaults:1 | Received a gift from Trog
 44918 | Vaults:1 | Acquired the amulet of Vitality {Regen+ HP+15}
 44918 | Vaults:1 | Found the amulet of Vitality {Regen+ HP+15}
 44931 | Vaults:1 | Noticed a golden dragon
 44984 | Vaults:1 | Killed a golden dragon
 45123 | Vaults:1 | Noticed a dread lich
 45138 | Vaults:1 | Killed a dread lich
 46296 | Vaults:2 | Identified the +2 ring mail of Midsummer {Stlth+}
 46597 | Vaults:2 | Noticed Saint Roka
 46616 | Vaults:2 | Killed Saint Roka
 46937 | Vaults:3 | Reached XP level 20. HP: 123/147 MP: 21/21
 47024 | Vaults:3 | Found a runed translucent gate.
 47024 | Vaults:3 | Found a runed translucent gate.
 47025 | Vaults:3 | Found a runed translucent gate.
 47025 | Vaults:3 | Noticed vegansnacktivist's ghost (adept DDFi)
 47025 | Vaults:3 | Noticed Lukheov's ghost (veteran DrWn)
 47298 | Vaults:3 | Noticed a bone dragon
 47313 | Vaults:3 | Killed a bone dragon
 47314 | Vaults:3 | Reached skill level 23 in Fighting
 47334 | Vaults:3 | Found a staircase to the Crypt.
 47378 | Vaults:3 | Reached skill level 5 in Stealth
 47864 | Vaults:3 | Received a gift from Trog
 49080 | Vaults:4 | Received a gift from Trog
 49191 | Vaults:4 | Found the -2 hat of the Alchemist {rElec rPois rF+ rC+ rN+
                  | Will+ rMut rCorr}
 49220 | Vaults:4 | Found a transporter.
 49257 | Vaults:4 | Found a transporter.
 49569 | Vaults:4 | Identified the ring "Ninazel" {Str-3 Int+6 Dex+4 SInv}
 49578 | Vaults:4 | Identified the ring "Idacwergh" {rN+ EV+4}
 49951 | Vaults:4 | Reached XP level 21. HP: 155/155 MP: 22/22
 50566 | Elf:2    | Reached skill level 15 in Shields
 50599 | Elf:2    | Reached skill level 24 in Fighting
 51326 | Elf:3    | Entered Level 3 of the Elven Halls
 51420 | Elf:3    | Reached skill level 10 in Dodging
 51986 | Elf:3    | Paralysed by an air elemental for 1 turns
 52179 | Elf:3    | Received a gift from Trog
 52198 | Elf:3    | Identified the +9 whip of Dishonesty {freeze, rN+}
 52714 | Elf:3    | Identified the +6 longbow of Autumn {venom, Fly rF+ rCorr}
 52757 | Elf:3    | Received a gift from Trog
 52868 | Elf:3    | Identified the +0 chain mail of Lightning Storm {rC+}
 52875 | Elf:3    | Identified the +0 ring mail "Zerchoynt" {*Slow Regen+ Str+2
                  | Stlth+}
 52926 | Elf:3    | Identified the +8 shortbow of Xioxioqe {vorpal, rF++ Str-4}
 53282 | Depths:1 | Entered Level 1 of the Depths
 53576 | Crypt:1  | Entered Level 1 of the Crypt
 53653 | Crypt:1  | Found a magical portal.
 53662 | WizLab   | Entered The Hall of the Hellbinder
 53913 | WizLab   | Gained mutation: Your spells are a little easier to cast,
                  | but a little less powerful. [a cacodemon]
 53977 | WizLab   | Reached XP level 22. HP: 155/157 MP: 23/23
 54380 | WizLab   | Found a burning altar of Makhleb.
 54388 | WizLab   | Identified the ring "Kemn" {rN++ EV+4 Str+4 Int+4 Dex-5}
 54414 | WizLab   | Noticed Regeczoq
 54437 | WizLab   | Killed Regeczoq the Hellbinder
 54725 | Crypt:1  | Identified the +1 robe of Poliusm {rElec rN+}
 55632 | Crypt:2  | Identified the +0 robe "Bif Fyra" {rElec}
 55688 | Crypt:2  | Received a gift from Trog
 55863 | Crypt:2  | Reached skill level 25 in Fighting
 56871 | Lair:6   | Voluntarily entered the Abyss.
 57717 | Abyss:3  | Found a sparkling altar of Nemelex Xobeh.
 58133 | Abyss:3  | Noticed a dread lich
 58149 | Abyss:3  | Killed a dread lich
 58849 | Abyss:4  | Noticed an ancient lich
 58860 | Abyss:4  | Killed an ancient lich
 59152 | Abyss:4  | Paralysed by an air elemental for 1 turns
 59361 | Abyss:4  | Found a viscous altar of Jiyva.
 59438 | Abyss:5  | Entered Level 5 of the Abyss
 59541 | Abyss:5  | Noticed a profane servitor
 59557 | Abyss:5  | Killed a profane servitor
 59591 | Abyss:5  | Noticed a profane servitor
 59644 | Lair:6   | Escaped the Abyss
 59849 | Slime:1  | Entered Level 1 of the Pits of Slime
 60108 | Slime:5  | Entered Level 5 of the Pits of Slime
 60328 | Slime:4  | Gained mutation: Your magical capacity is low. (-10% MP) [a
                  | shining eye]
 60687 | Slime:5  | Noticed the Royal Jelly
 61203 | Slime:5  | Reached XP level 23. HP: 172/172 MP: 21/21
 61437 | Slime:5  | Killed the Royal Jelly
 61594 | Slime:5  | Found the +5 robe of Misfortune {Harm *Corrode *Slow EV+5}
 61617 | Slime:5  | Got a slimy rune of Zot
 61649 | Slime:5  | Identified the +0 hat "Sijoukui" {rF- rN++ Str+2}
 62061 | Orc:1    | Bought a scroll of teleportation for 51 gold pieces
 62061 | Orc:1    | Bought a scroll of fear for 59 gold pieces
 62061 | Orc:1    | Bought a scroll of vulnerability for 127 gold pieces
 62061 | Orc:1    | Bought a scroll of fog for 34 gold pieces
 62245 | D:6      | Bought a scarf of resistance for 352 gold pieces
 62534 | Depths:1 | Found an opulent altar of Gozag.
 62585 | Depths:1 | Reached skill level 15 in Dodging
 63018 | Depths:1 | Found a gateway to Hell.
 63106 | Depths:1 | Reached skill level 26 in Fighting
 63131 | Depths:1 | Found Agrihu's Serpentskin Sales.
 63359 | Depths:1 | Found Potumpuy's Book Shop.
 63359 | Depths:1 | Found Peer's Jewellery Emporium.
 63360 | Depths:1 | Found Jeisaf's Jewellery Emporium.
 63967 | Depths:2 | Found a one-way gateway to a ziggurat.
 64430 | Orc:2    | Bought a scroll of enchant weapon for 120 gold pieces
 64430 | Orc:2    | Bought a scroll of enchant armour for 120 gold pieces
 64985 | Depths:2 | Found a one-way gate leading to the halls of Pandemonium.
 65199 | Depths:2 | Noticed a juggernaut
 65243 | Depths:2 | Killed a juggernaut
 65650 | Depths:2 | Paralysed by a floating eye for 2 turns
 65727 | Depths:2 | Noticed a juggernaut
 65994 | Depths:2 | Killed a juggernaut
 66008 | Depths:2 | Reached XP level 24. HP: 180/180 MP: 21/21
 66281 | Depths:2 | Identified the ring "Inodayf" {rElec Will+ Int-2 Dex+6
                  | Stlth+}
 66354 | Depths:2 | Received a gift from Trog
 67453 | Depths:3 | Reached skill level 27 in Fighting
 67462 | Depths:3 | Found an ancient bone altar of Kikubaaqudgha.
 67532 | Depths:3 | Received a gift from Trog
 67783 | Depths:3 | Reached skill level 10 in Armour
 68247 | Depths:3 | You are sucked into a shaft and drop 1 floor!
 68247 | Depths:4 | Entered Level 4 of the Depths
 68468 | Depths:3 | Noticed Margery
 68498 | Depths:3 | Killed Margery
 68537 | Depths:3 | Found a stormy altar of Qazlal.
 68731 | Depths:3 | Noticed Frederick
 68744 | Depths:3 | Killed Frederick
 68744 | Depths:3 | Received a gift from Trog
 68953 | Depths:4 | Reached XP level 25. HP: 187/187 MP: 21/21
 68974 | Depths:4 | Found a gate to the Realm of Zot.
 68983 | Depths:4 | Reached skill level 15 in Evocations
 69198 | Depths:4 | Noticed the Enchantress
 69210 | Depths:4 | Killed the Enchantress
 69511 | Depths:4 | Received a gift from Trog
 69521 | Depths:4 | Identified the +10 dire flail "Mugumown" {protect, rElec
                  | rPois rF- Str-4}
 70157 | Depths:4 | Found a sacrificial altar of Ru.
 70460 | Vaults:5 | Entered Level 5 of the Vaults
 70622 | Vaults:5 | Received a gift from Trog
 70864 | Vaults:5 | Noticed an ancient lich
 70890 | Vaults:5 | Killed an ancient lich
 71086 | Vaults:5 | Reached XP level 26. HP: 191/191 MP: 21/21
 71102 | Vaults:5 | Identified the +9 shortbow of Lust {flame, rPois rN+++
                  | rCorr Dex-3}
 71105 | Vaults:5 | Identified the +5 halberd of Starshine {pain, *Slow +Blink
                  | rPois rCorr}
 71116 | Vaults:5 | Identified the +2 hunting sling of Ynkelot {flame, rPois
                  | Dex+4}
 71379 | Vaults:5 | Identified the +5 scythe of Starshine {spect, Will- Str+2
                  | Dex+6}
 71411 | Vaults:5 | Identified the +1 flail of Traps {vorpal, rPois}
 71463 | Vaults:5 | Identified the amulet "Beppod" {rN+ Regen+ Str+4 Int-3}
 71470 | Vaults:5 | Got a silver rune of Zot
 71523 | Vaults:5 | Noticed a dread lich
 71543 | Vaults:5 | Killed a dread lich
 71549 | Vaults:5 | Reached ****** piety under Trog
 71549 | Vaults:5 | Received a gift from Trog
 71922 | Vaults:5 | Noticed Boris
 71933 | Vaults:5 | Killed Boris
 72567 | Crypt:3  | Entered Level 3 of the Crypt
 73083 | Crypt:3  | Identified the +9 rapier "Omompoteint" {vorpal, rN+ Str+6}
 73085 | Crypt:3  | Identified the +0 leather armour of the Pit {Str+3 Dex+2
                  | Stlth-}
 73128 | Crypt:3  | Received a gift from Trog
 73574 | Crypt:3  | Found a staircase to the Tomb.
 73574 | Crypt:3  | Noticed a royal mummy
 73612 | Crypt:3  | HP: 22/468 [ushabti] (6)]
 73612 | Crypt:3  | HP: 1/312 [poisoned by an ushabti (dark miasma)]
 73612 | Crypt:3  | Slain by an emperor scorpion

Illustrated notes

Levels and vault maps discovered:
D:1:      onia_arrival_pentagram, layout_basic, ebering_ecumenical_altar_hall
D:2:      minmay_spotlight, layout_loops_corners
D:3:      minmay_inner_zag, layout_basic, mainiacjoe_overflow_paths
D:4:      layout_basic, temple_hall
D:5:      layout_cave_pools, serial_column_ruins, column_ruins_square_medium,
          column_ruins_columns_straight, column_ruins_open_tiny,
          column_ruins_columns_corner, column_ruins_open_large,
          column_ruins_columns_straight, lemuel_flamethrower_2
D:6:      layout_basic, serial_rivers, chequers_serial_rivers_room_a,
          chequers_serial_rivers_micro_b, chequers_serial_rivers_small_b,
          chequers_serial_rivers_micro_d, chequers_serial_rivers_micro_a,
          chequers_serial_rivers_micro_a, st_stairs_8,
          nicolae_shop_sticking_my_neck_out
D:7:      layout_basic, enter_bailey_4
D:8:      layout_basic, uniq_maurice, uniq_erica, uniq_grum
D:9:      layout_rooms
D:10:     layout_loops_corners, zombieorc2_lemuel, special_room
          [special_room_bee]
D:11:     layout_cross, dpeg_lair_monsters, uniq_fannar
D:12:     layout_gridville, hangedman_misty_isle
D:13:     layout_irregular_city, david_vaults_3, serial_rivers,
          chequers_serial_rivers_micro_d, chequers_serial_rivers_small_3,
          chequers_serial_rivers_micro_e, chequers_serial_rivers_micro_a,
          chequers_serial_rivers_small_a, kennysheep_small_circle, uniq_nessos
D:14:     layout_roguey [special_room_orc], chequers_serial_rivers_room_a
D:15:     grunt_enter_depths_hoard, layout_irregular_city,
          nicolae_tso_carved_into_rock, serial_shops, shop
Lair:1:   layout_chaotic_city, grunt_forest_small_clearing_treed
Lair:2:   layout_chaotic_city, basic_altar, lemuel_fruit_fields,
          serial_bayou_shore_b
Lair:3:   layout_layer_cave, minmay_swamp_entry_wisps,
          guppyfry_snake_entry_garden
Lair:4:   layout_cave_pods
Lair:5:   layout_concentric_octagons, minmay_slime_entry_pillars,
          grunt_megastairs_5
Lair:6:   hellmonk_lair_end_abyssal_woods, layout_cave_shapes
Swamp:1:  layout_basic_swamp, nicolae_swamp_oxbows, swamp_pool1
Swamp:2:  layout_basic_swamp, evilmike_swamp_ruin_house_4, uniq_nikola,
          uniq_donald
Swamp:3:  layout_basic_swamp, serial_swamp_ruin, evilmike_swamp_ruin_rubble_1,
          evilmike_swamp_ruin_house_3, evilmike_swamp_ruin_house_6,
          infiniplex_staircase_pool, uniq_louise, uniq_mara
Swamp:4:  swamp_fiery, layout_basic_swamp
Snake:1:  layout_grid_maze
Snake:2:  layout_chambers, serial_shops, nicolae_shop_hallway_stairs,
          st_stairs_3, nicolae_snake_gridmaze_tees, uniq_aizul
Snake:3:  layout_misc_corridors
Snake:4:  grunt_snake_rune_pools, layout_rooms, serial_shops, shop, st_stairs_9,
          nicolae_snake_round_shape_thing, grunt_megastairs_1, minmay_shoptagon
Slime:1:  layout_caves, cheibrodos_slime_lost_civilization_4
Slime:2:  layout_caves
Slime:3:  nicolae_slime_jelly_donut, layout_caves, nicolae_slime_round_cave
Slime:4:  layout_caves
Slime:5
Orc:1:    layout_caves, serial_shops, shop, gammafunk_ghost_split,
          portal_ice_cave_demonic_guard, nicolae_orc_pool_cavern, uniq_snorg,
          uniq_jorgrun
Orc:2:    pubby_orc_utopia
Elf:1:    nicolae_elf_arrival_fired_up, layout_geoelf_grid,
          kennysheep_underground_church, minivault_27
Elf:2:    elven_hall_of_blades_hangedman_original [nicolae_blade_bullseye],
          layout_loops_cross, uniq_roxanne
Elf:3:    elf_hall, layout_geoelf_grid
Vaults:1: portal_desolation_entry_garden, nicolae_vaults_circle_grid_b,
          ontoclasm_vaults_eye, vaults_standard_mumra_x,
          hangedman_vaults_river_flow, v_pattern_4,
          nicolae_vaults_network_periphery, nicolae_vaults_asterisk,
          dpeg_vaults_waves, v_misc_18, v_misc_8, grunt_vaults_hallway_long,
          v_misc_17, nicolae_vaults_diagonal_hallway_8, ontoclasm_vaults_pinch,
          ontoclasm_vaults_claustrophobia, layout_vaults_maze
Vaults:2: v_misc_13, ontoclasm_vaults_loading_screen, vaults_dpeg_diagonal,
          nicolae_vaults_mini_display_case, layout_vaults_omnigrid,
          uniq_saint_roka
Vaults:3: gammafunk_ghost_cemetery, ontoclasm_vaults_ligature,
          minmay_crypt_entry_nasty_monster, v_misc_2, v_misc_8, v_misc_9,
          nicolae_vaults_puzzle_piece, ontoclasm_vaults_spin,
          hangedman_vaults_corner_blocks, v_alt_pattern_6, vaults_mumra_lcd,
          nicolae_vaults_shelves_hall, hangedman_vaults_trim, layout_vaults_ring
Vaults:4: v_pattern_2, serial_ice_m, nicolae_vaults_network_square,
          vaults_dpeg_ring, gammafunk_dig_for_victory, hangedman_vaults_maws,
          nicolae_vaults_sealed_display, hangedman_vaults_locks,
          grunt_vaults_hallway_short, layout_vaults_omnibox
Vaults:5: uniq_boris
Crypt:1:  layout_misc_corridors, mu_enter_wizlab_3, nicolae_crypt_niches
Crypt:2:  layout_chaotic_city, grunt_ministairs_2, grunt_megastairs_2
Crypt:3:  evilmike_haunted_forest
Depths:1: layout_cave_shapes, grunt_gozag_statues, abyss_entry, special_room
          [special_room_mythical_zoo], pf_hell_entry_tar_river,
          serial_column_ruins, column_ruins_square_medium, column_ruins_grid_1,
          column_ruins_grid_1, column_ruins_corridor_straight,
          column_ruins_open_large, st_stairs_14, guppyfry_shop_venom,
          minmay_shop_grove
Depths:2: nzn_winding_woodlands_huge [nzn_winding_woodlands_5x15_sidewinder,
          nzn_winding_woodlands_5x15_eye, nzn_winding_woodlands_5x15_concentric,
          nzn_winding_woodlands_5x15_jagged, nzn_winding_woodlands_5x15_twine,
          nzn_winding_woodlands_5x15_longhouse,
          nzn_winding_woodlands_5x15_parted,
          nzn_winding_woodlands_5x15_pathside_ponds,
          nzn_winding_woodlands_5x15_cabin,
          nzn_winding_woodlands_5x15_river_crossing,
          nzn_winding_woodlands_center_diamonds,
          nzn_winding_woodlands_center_garden,
          nzn_winding_woodlands_15x15_thick_spiral], layout_gridville,
          enter_ziggurat_a, pf_coc_iceberg, grunt_pan_entry_sceptre,
          lightli_corner_chamber, infiniplex_staircase_door_maze
Depths:3: hangedman_cross_veins, layout_honeycomb, kiku_gazebo_garden_becter,
          grunt_pan_entry_in_and_out, abyss_entry, hell_entry,
          grunt_qazlal_clouds, infiniplex_staircase_zigzag_1, uniq_frederick,
          uniq_margery
Depths:4: grunt_twist_and_shout, layout_gridville, nicolae_ru_path_of_blood,
          hell_entry, minmay_the_grid_square_5x5_3x3_mashed
          [minmay_the_grid_square_5x5_spiral, minmay_the_grid_square_5x5_eight,
          minmay_the_grid_square_5x5_bridge, minmay_the_grid_square_5x5_mess,
          minmay_the_grid_square_5x5_megaprize_checkered,
          minmay_the_grid_square_5x5_hollow_slash, minmay_the_grid_square_5x5_v,
          minmay_the_grid_square_5x5_two_walls_b,
          minmay_the_grid_square_5x5_bracketed], kennysheep_random_hallway,
          uniq_enchantress

Skill      XL: |  1  2  3  4  5  6  7  8  9 10 11 12 13 14 15 16 17 18 19 20 21 22 23 24 25 26 |
---------------+-------------------------------------------------------------------------------+-----
Short Blades   | 4 5 6 7 8 10 11 12 13 14 15 16 17 18 19 20 21 22 24 | 24.9
Fighting       | 4 5 6 7 9 11 13 15 16 18 19 20 21 22 23 24 25 26 27 | 27.0
Evocations     | 3 6 7 9 10 11 12 13 14 16 | 16.7
Shields        | 3 4 6 10 12 13 14 15 16 17 18 19 | 19.6
Dodging        | 4 6 8 11 14 16 17 18 19 | 19.5
Stealth        | 2 3 4 5 |  5.0
Armour         | 5 7 9 10 12 13 | 13.5
Throwing       | 3 |  3.0

Action                   |  1- 3 |  4- 6 |  7- 9 | 10-12 | 13-15 | 16-18 | 19-21 | 22-24 | 25-27 || total
-------------------------+-------+-------+-------+-------+-------+-------+-------+-------+-------++-------
Melee: Short sword       |    43 |    84 |    94 |    90 |       |       |       |       |       ||   311
       Kick              |    11 |    31 |    58 |   172 |   433 |   621 |   853 |  1607 |   668 ||  4454
       Peck              |     9 |    11 |    32 |   111 |   235 |   386 |   518 |  1008 |   416 ||  2726
       Dagger            |    10 |    31 |    54 |   406 |  1050 |  1188 |  1457 |   808 |       ||  5004
       Punch             |       |     2 |     4 |     6 |       |       |       |       |       ||    12
       Scimitar          |       |       |       |       |       |    13 |    57 |  1136 |       ||  1206
       Rapier            |       |       |       |       |       |     8 |       |   869 |   985 ||  1862
       Quick blade       |       |       |       |       |       |       |       |    35 |    12 ||    47
       Double sword      |       |       |       |       |       |       |       |       |    41 ||    41
 Fire: Hunting sling     |    21 |    65 |   102 |    25 |       |       |       |       |       ||   213
Throw: Dart              |       |       |     3 |     3 |     2 |     3 |     7 |       |       ||    18
       Throwing net      |       |       |       |       |     2 |     1 |     1 |       |       ||     4
Invok: Berserk           |     1 |     3 |     6 |     9 |    17 |    18 |    23 |    19 |     7 ||   103
       Trog's Hand       |       |     1 |     5 |     5 |    22 |    18 |    43 |    39 |     5 ||   138
       Brothers in Arms  |       |       |       |       |       |       |       |       |     1 ||     1
 Abil: Evoke Invisibilit |       |       |     2 |     7 |     7 |     7 |     1 |       |       ||    24
Evoke: Wand              |       |       |     1 |    15 |    91 |    13 |    33 |    26 |     3 ||   182
       Phantom mirror    |       |       |       |       |     1 |     1 |     4 |     7 |       ||    13
       Box of beasts     |       |       |       |       |       |       |       |     3 |       ||     3
       Condenser vane    |       |       |       |       |       |       |       |     3 |     3 ||     6
  Use: Scroll            |       |       |     6 |    10 |    11 |    10 |     7 |    29 |     3 ||    76
       Potion            |       |       |       |       |     4 |    16 |    13 |    27 |     4 ||    64
 Stab: Invisible         |       |       |     4 |    13 |    21 |    24 |    10 |     2 |       ||    74
       Sleeping          |       |       |       |     4 |     8 |     6 |     2 |       |       ||    20
       Distracted        |       |       |       |     1 |     5 |     3 |       |     3 |     2 ||    14
       Paralysed         |       |       |       |     1 |     2 |     1 |     4 |     4 |     2 ||    14
       Held in net/web   |       |       |       |       |     3 |     2 |     1 |       |       ||     6
Armor: Animal skin       |     8 |     4 |       |       |       |       |       |       |       ||    12
       Ring mail         |       |    16 |    11 |       |       |       |       |       |       ||    27
       Leather armour    |       |     2 |     9 |    29 |       |       |       |       |       ||    40
       Robe              |       |       |       |     4 |    10 |       |       |       |       ||    14
       Scale mail        |       |       |       |       |   121 |   166 |    13 |       |       ||   300
       Plate armour      |       |       |       |       |       |       |   173 |   485 |   111 ||   769
       Skin              |       |       |       |       |       |       |       |       |    49 ||    49
Dodge: Dodged            |    18 |    81 |    64 |   162 |   375 |   314 |   306 |  1095 |   352 ||  2767
Block: Buckler           |       |       |       |    29 |   164 |    13 |       |       |       ||   206
       Kite shield       |       |       |       |       |       |   647 |   507 |  1407 |   476 ||  3037
       Reflection        |       |       |       |       |       |    69 |    46 |    16 |    10 ||   141
